 Seeded DCSS version 0.30-a0-802-gb92711b (webtiles) character file.

Game seed: 8324729408565558965 (custom seed)

251532 Geeful the Cloud Mage (level 19, -2/124 HPs)
             Began as a Tengu Fighter on Feb 13, 2023.
             Was the Champion of Vehumet.
             Killed from afar by a deep elf knight (35 damage)
             ... with a shard of ice
             ... on level 1 of the Elven Halls on Feb 24, 2023.
             The game lasted 04:41:29 (41568 turns).

Geeful the Cloud Mage (Tengu Fighter)              Turns: 41568, Time: 04:41:30

Health: -2/124     AC: 25    Str: 18    XL:     19   Next: 66%
Magic:  13/35      EV: 17    Int: 22    God:    Vehumet [******]
Gold:   638        SH:  8    Dex: 13    Spells: 1/40 levels left

rFire   + + .      SeeInvis +    b - +8 demon trident (freeze)
rCold   + . .      Faith    .    P - +3 warlock's mirror {omnireflect}
rNeg    + + .      Spirit   .    i - +8 pearl dragon scales
rPois   .          Reflect  +    (helmet restricted)
rElec   .          Harm     .    j - scarf {rC+ rF+}
rCorr   .          Rampage  .    C - +0 pair of gloves
Will    ++++.                    (boots unavailable) Stlth
                                 F - amulet of the acrobat
HPRegen 0.40/turn                g - ring of Jerphiumu {Contam rN+ Will+++ Int+6 SInv}
MPRegen 0.24/turn                A - ring of protection from fire

@: flying quickly and evasively, quick
A: beak, talons 3, nimble flight
}: 2/15 runes: serpentine, barnacled
a: Renounce Religion


You were on level 1 of the Elven Halls.
You worshipped Vehumet.
Vehumet was exalted by your worship.
You visited 7 branches of the dungeon, and saw 32 of its levels.
You also visited: Bailey, Gauntlet and Ice Cave.

You collected 3595 gold pieces.
You spent 2957 gold pieces at shops.

Inventory:

Hand Weapons
 b - a +8 demon trident of freezing (weapon)
Armour
 i - +8 pearl dragon scales (worn)
 j - a scarf of resistance (worn)
 B - the +2 ratskin cloak {*Rats rPois rN+ Str-1 Int-1 Dex+1}
   (You found it on level 3 of the Dungeon)

   *Rats:     When the wearer is hurt, rats may emerge from it to assist them.
   Str:       It affects your strength (-1).
   Int:       It affects your intelligence (-1).
   Dex:       It affects your dexterity (+1).
   rPois:     It protects you from poison.
   rN:        It protects you from negative energy.
 C - a +0 pair of gloves (worn)
 D - the +3 salamander hide armour {Flames, rFlCloud rF++ rC--}
   (You found it on level 2 of the Snake Pit)

   Flames:    It surrounds you with flame clouds and enhances your fire magic.
   rFlCloud:  It grants immunity to flame clouds.
   rF:        It greatly protects you from fire.
   rC:        It makes you very vulnerable to cold.
 P - the +3 warlock's mirror (worn) {omnireflect}
   (You acquired it on level 10 of the Dungeon)

   Omnireflect: It can block and reflect piercing ranged attacks and magical
   attacks against the wielder's willpower.
 X - a +2 robe of resistance
Magical Staves
 a - a staff of air
Jewellery
 g - the ring of Jerphiumu (left hand) {Contam rN+ Will+++ Int+6 SInv}
   (You acquired it on level 7 of the Dungeon)

   [ring of intelligence]

   Int:       It affects your intelligence (+6).
   rN:        It protects you from negative energy.
   SInv:      It lets you see invisible.
   Contam:    It causes magical contamination when unequipped.
   Will:      It greatly increases your willpower.
 t - a ring of positive energy
 w - a ring of resist corrosion
 x - a +5 ring of evasion
 y - a ring of poison resistance
 A - a ring of protection from fire (right hand)
 F - an amulet of the acrobat (around neck)
 I - a ring of willpower
 J - a +4 ring of protection
 M - an amulet of reflection
 R - a +4 ring of protection
 Z - a ring of protection from cold
Wands
 h - a wand of flame (57)
 k - a wand of digging (3)
 r - a wand of light (8)
 v - a wand of iceblast (20)
 G - a wand of paralysis (24)
 U - a wand of mindburst (18)
Scrolls
 c - 11 scrolls of poison
 e - a scroll of magic mapping
 f - a scroll of amnesia
 q - a scroll of brand weapon
 u - a scroll of silence
 H - 16 scrolls of identify
 K - 8 scrolls of teleportation
 L - 4 scrolls of immolation
 S - 3 scrolls of blinking
 W - 2 scrolls of fear
 Y - 2 scrolls of butterflies
Potions
 d - 3 potions of might
 l - 6 potions of berserk rage
 m - 4 potions of cancellation
 n - 4 potions of brilliance
 o - 6 potions of curing
 p - 5 potions of lignification
 s - 6 potions of haste
 z - 3 potions of ambrosia
 E - 2 potions of resistance
 N - 5 potions of invisibility
 O - 5 potions of attraction
 Q - 4 potions of heal wounds
 T - 2 potions of mutation
Miscellaneous
 V - a lightning rod (4/4)


   Skills:
 - Level 15.2 Fighting
 - Level 13.3 Polearms
 + Level 12.5 Armour
 + Level 13.3 Dodging
 - Level 5.0 Shields
 + Level 11.3 Spellcasting
 + Level 17.8 Conjurations
 + Level 22.8 Air Magic


You had one spell level left.
You knew the following spells:

 Your Spells              Type           Power      Damage    Failure   Level
a - Lightning Bolt        Conj/Air       40%        1d59      1%          5
b - Chain Lightning       Conj/Air       40%        3d53      71%         9
c - Swiftness             Air            85%        N/A       0%          3
e - Arcjolt               Conj/Air       40%        1d50      1%          5
f - Stone Arrow           Conj/Erth      100%       3d13      1%          3
g - Maxwell's Capacitive  Air            42%        ∞         3%          8
h - Conjure Ball Lightni  Conj/Air       40%        3x3d13    1%          6

Your spell library contained the following spells:

 Spells                   Type           Power      Damage    Failure   Level
 Fire Storm               Conj/Fire      25%        8d7       100%        9
 Shatter                  Erth           6%         3d9*      100%        9
 Shock                    Conj/Air       100%       1d9       0%          1
 Apportation              Tloc           24%        N/A       21%         1
 Static Discharge         Conj/Air       100%       2-7/arc   0%          2
 Airstrike                Air            42%        2d(7-23)  0%          4
 Dazzling Flash           Conj/Hex       100%       N/A       1%          3
 Hailstorm                Conj/Ice       51%        3d11      1%          3
 Vhi's Electric Charge    Tloc/Air       100%       N/A       1%          3
 Flame Wave               Conj/Fire      51%        2d13      1%          4
 Iskenderun's Mystic Bla  Conj/Tloc      51%        2d11      1%          4
 Sticky Flame             Conj/Fire      51%        2d7       1%          4
 Silence                  Hex/Air        29%        N/A       4%          5
 Inner Flame              Hex/Fire       12%        N/A       16%         3
 Iron Shot                Conj/Erth      25%        9d5       21%         6
 Starburst                Conj/Fire      25%        6d8       21%         6
 Ensorcelled Hibernation  Hex/Ice        24%        N/A       30%         2
 Passwall                 Tmut/Erth      10%        N/A       30%         2
 Gell's Gravitas          Tloc           12%        N/A       52%         3
 Teleport Other           Tloc           12%        N/A       52%         3
 Anguish                  Hex/Necr       6%         N/A       90%         4
 Animate Armour           Summ/Erth      24%        N/A       90%         4
 Ice Form                 Ice/Tmut       12%        N/A       90%         4
 Passage of Golubria      Tloc           12%        N/A       90%         4
 Summon Ice Beast         Ice/Summ       12%        N/A       90%         4
 Alistair's Intoxication  Tmut/Pois      8%         N/A       99%         5
 Blade Hands              Tmut           6%         N/A       99%         5
 Borgnjor's Vile Clutch   Necr/Erth      6%         N/A       99%         5
 Summon Mana Viper        Hex/Summ       12%        N/A       99%         5
 Eringya's Noxious Bog    Tmut/Pois      6%         N/A       99%         6
 Dispersal                Tloc           6%         N/A       100%        6
 Simulacrum               Ice/Necr       6%         N/A       100%        6
 Enfeeble                 Hex            6%         N/A       100%        7
 Monstrous Menagerie      Summ           6%         N/A       100%        7
 Lehudib's Crystal Spear  Conj/Erth      25%        10d7      100%        8


Dungeon Overview and Level Annotations

Branches:
Dungeon (15/15)            Temple (1/1) D:4            Lair (5/5) D:11
 Shoals (4/4) Lair:2        Snake (4/4) Lair:2        Slime (0/5) Lair:4
    Orc (2/2) D:10            Elf (1/3) Orc:2        Vaults (0/5) D:13
 Depths (0/4) D:15         Bailey (visited)           IceCv (visited)
Gauntlet (visited)

Altars:
Ashenzari
Cheibriados
Dithmenos
Elyvilon
Fedhas
Gozag
Hepliaklqana
Kikubaaqudgha
Nemelex Xobeh
Okawaru
Qazlal
Ru
Sif Muna
Trog
Uskayaw
Vehumet
Wu Jian
Xom
Yredelemnul
Zin
The Shining One
Jiyva

Shops:
D:2 (:=   D:7 ?   Orc:1 !*!   Orc:2 =(*?   Shoals:3 *   Snake:1 :   Snake:2 :**

Annotations:
D:3 exclusion: downstairs
D:4 exclusion: downstairs
D:5 3 runed translucent doors, fearitself's ghost, novice VSWn
D:8 2 transporters
D:12 exclusion: downstairs
D:13 exclusion: downstairs
D:14 exclusion: downstairs


Innate Abilities, Weirdness & Mutations

You have a beak for a mouth.
You have claws for feet.
Your magical nature lets you fly swiftly and evasively.


Message History

The deep elf knight shoots an arrow.
You reflect the arrow off your +3 warlock's mirror {omnireflect}!
The arrow completely misses the deep elf knight.
Your ball lightning explodes!
The blast of lightning engulfs you! You resist.
Things that are here:
a +0 dagger; a +0 long sword The deep elf knight shoots an arrow.
The arrow hits you! The arrow freezes you.
You see here a +0 long sword.
The deep elf knight shoots an arrow.
The arrow barely misses you.
The deep elf knight shoots an arrow.
The arrow misses you.
There is a staircase back to the Mines here.
The deep elf knight gestures at you while chanting.
The lance of force hits you!!
You stop ascending the stairs.
You are knocked back by the lance of force.
The deep elf knight shoots an arrow.
The arrow hits you but does no damage.
There is a staircase back to the Mines, spattered with blood here.
Your +8 demon trident of freezing glows with a cold blue light!
b - a +8 demon trident of freezing (weapon)
The deep elf knight unwields a +2 shortbow of freezing.
The deep elf knight wields a +0 vampiric long sword.
The deep elf knight hits you with a +0 vampiric long sword!
You miss the deep elf knight. Your kick misses the deep elf knight.
Your peck misses the deep elf knight.
The deep elf knight hits you but does no damage.
You puncture the deep elf knight! You freeze the deep elf knight!
Your kick misses the deep elf knight. Your peck misses the deep elf knight.
The deep elf knight is heavily wounded.
The deep elf knight hits you with a +0 vampiric long sword!
* * * LOW HITPOINT WARNING * * *
The deep elf knight draws strength from your wounds!
You miss the deep elf knight. Your kick misses the deep elf knight.
The deep elf knight is heavily wounded.
You puncture the deep elf knight! You freeze the deep elf knight.
Your kick misses the deep elf knight.
You peck the deep elf knight, but do no damage.
The deep elf knight is almost dead.
The deep elf knight casts a spell at you.
The shard of ice hits you!! You partially resist.
You die...

##.# #.## #..#####..# #+##
##..##.##..## ....#+
#....#.#....# .....##
#....#.#....# ##
......#####....#.#....# #.##
...e)...).#....#.#[...##...#
...>..###))......)).........
......# #.....8e@.8........#
##....# #...)...........#.#
#$..## ###....#.#....###
#..## #.../#.#....# ###
#....#.#....# #....#.#....#
##..##.##..## #..#####..#
##.# #.##


You could see a deep elf knight (fast, invisible).

Vanquished Creatures
  Rupert (Lair:4)
  2 quicksilver dragons (Snake:4)
  Kirke (D:12)
  The ghost of geeeeen the Spry, an adept TeFi of Gozag (Snake:3)
  Gastronok (Lair:3)
  3 nagarajas (Snake:4)
  2 frost giants
  The ghost of Jeffwins the Severer, a journeyman OgMo of Okawaru (Orc:1)
  Ilsuiw (Shoals:4)
  Louise (D:15)
  An ironbound preserver (D:13)
  Azrael (D:12)
  Nessos (Orc:2)
  A minotaur (Gauntlet)
  Snorg (Lair:4)
  Josephine (Orc:1)
  2 merfolk javelineers (Shoals:4)
  9 merfolk impalers
  A rakshasa (D:13)
  7 hydras
  A merfolk avatar (Shoals:2)
  6 salamander tyrants
  2 ogre magi
  Erolcha (D:13)
  8 anacondas
  3 catoblepae (Lair:5)
  3 alligator snapping turtles
  11 centaur warriors
  16 death yaks
  6 boulder beetles
  4 two-headed ogres
  4 merfolk aquamancers (Shoals:4)
  3 satyrs
  7 naga sharpshooters
  A tengu warrior (D:13)
  7 naga warriors
  5 orc high priests (Orc:2)
  Sonja (Orc:1)
  2 deep elf knights (Elf:1)
  3 shock serpents
  Urug (Lair:5)
  3 salamander mystics
  14 sea snakes
  2 skysharks (Lair:3)
  2 naga ritualists (Snake:4)
  A glowing orange brain (D:15)
  3 deep elf archers (Elf:1)
  A harpy (shapeshifter) (D:15)
  9 harpies
  A wizard (D:14)
  9 orc knights
  2 deep elf zephyrmancers (Elf:1)
  6 mana vipers
  7 deep elf pyromancers
  A lindwurm (Lair:4)
  A phantasmal warrior (D:13)
  15 fauns
  9 ugly things
  12 salamanders
  4 oklob plants (Lair:4)
  13 cyclopes
  10 manticores
  2 spectral shock serpents (Snake:3)
  2 ice statues (IceCv)
  10 elephants (Lair:5)
  8 merfolk sirens
  5 naga magi
  40 black mambas
  4 guardian serpents
  6 water nymphs
  2 gargoyles (D:12)
  A cane toad (shapeshifter) (D:13)
  2 unseen horrors (D:13)
  8 cane toads
  3 rime drakes
  An efreet (D:14)
  A freezing wraith (IceCv)
  A yaktaur (D:15)
  4 tengu conjurers
  4 komodo dragons
  7 trolls
  25 merfolk
  4 polar bears
  7 meliai
  A queen bee (D:13)
  5 wind drakes
  Grinder (D:5)
  18 blink frogs
  6 snapping turtles
  9 dream sheep
  3 slime creatures (D:15)
  A spectral black mamba (Snake:3)
  A centaur simulacrum (D:15)
  A snapping turtle (shapeshifter) (D:13)
  A shock serpent simulacrum (Snake:3)
  9 water elementals
  A shadow (D:13)
  3 wyverns
  60 yaks
  A salamander simulacrum (Snake:3)
  8 wraiths
  A hog (D:12)
  2 fire elementals (D:12)
  6 basilisks
  3 steam dragons
  6 vampire mosquitoes
  A redback (shapeshifter) (Elf:1)
  A death yak simulacrum (IceCv)
  A mana viper simulacrum (Snake:3)
  An acid dragon (shapeshifter) (D:15)
  20 nagas
  A harpy simulacrum (IceCv)
  A hydra simulacrum (IceCv)
  16 water moccasins
  3 wargs
  An acid dragon (D:9)
  A hell hound (D:12)
  A guardian serpent simulacrum (Snake:3)
  An ice beast (D:5)
  42 orc warriors
  4 black bears
  A black mamba simulacrum (Snake:3)
  A sky beast (D:7)
  13 wolves
  16 ogres
  A phantom (D:6)
  17 centaurs
  2 kobold brigands (D:8)
  Blork the orc (D:5)
  9 bullfrogs
  6 scorpions
  3 naga simulacra (Snake:3)
  2 cane toad simulacra
  2 necrophages
  An earth elemental (Orc:2)
  7 wights
  2 elephant simulacra
  49 killer bees
  8 howler monkeys
  2 electric eels
  6 hounds
  A jelly (D:5)
  A gnoll bouda (D:10)
  31 orc priests
  Jessica (D:3)
  Ijyb (D:5)
  3 iguanas
  19 orc wizards
  6 hell rats
  4 polar bear simulacra
  2 wolf simulacra
  11 gnolls
  4 adders
  A river rat (D:11)
  A shadow imp (D:6)
  2 white imps
  2 ufetubi
  A worm (D:3)
  3 dart slugs
  99 orcs
  6 ball pythons
  6 bats
  12 endoplasms
  4 giant cockroaches
  8 goblins
  6 hobgoblins
  5 jackals
  3 quokkas
  3 frilled lizards
  14 kobolds
  14 rats
  2 ball lightnings
1073 creatures vanquished.

Vanquished Creatures (collateral kills)
  An anaconda (Snake:3)
  A death yak (D:11)
  A salamander (Snake:2)
  An elephant (Gauntlet)
  An ice statue (IceCv)
  A cane toad (Lair:5)
  A blink frog (Lair:2)
  A dream sheep (Shoals:2)
  A yak (Lair:2)
  A hell hound (D:12)
  2 orc warriors
  An ogre (D:6)
  A centaur (Bailey)
  2 gnoll sergeants
  A wight (D:8)
  2 orc wizards
  4 gnolls
  6 orcs
  A kobold (D:8)
  A rat (D:11)
  3 ball lightnings (Elf:1)
  A butterfly (Lair:4)
35 creatures vanquished.

Vanquished Creatures (others)
  A human (D:5)
  A kobold brigand (D:10)
  A killer bee (D:13)
  An orc (Orc:1)
  A kobold (D:10)
  220 ball lightnings
  35 fungi
  119 plants
379 creatures vanquished.

Grand Total: 1487 creatures vanquished

Notes
Turn   | Place    | Note
-------+----------+-------------------------------------------
     0 | D:1      | Geeful the Tengu Fighter began the quest for the Orb.
     0 | D:1      | Reached XP level 1. HP: 14/14 MP: 2/2
    11 | D:1      | Noticed a water moccasin
    11 | D:1      | Noticed a hound
    12 | D:1      | Noticed an iguana
   121 | D:1      | Reached XP level 2. HP: 16/19 MP: 3/3
   306 | D:1      | Reached skill level 1 in Dodging
   518 | D:1      | Reached XP level 3. HP: 23/23 MP: 4/4
   521 | D:1      | Learned a level 2 spell: Static Discharge
   934 | D:2      | Found Usocics's Antique Weapon Shop.
  1000 | D:2      | Found Miusei's Book Boutique.
  1065 | D:2      | Reached skill level 1 in Conjurations
  1065 | D:2      | Reached skill level 1 in Air Magic
  1065 | D:2      | Reached XP level 4. HP: 28/28 MP: 4/6
  1083 | D:2      | Found Caq Uru's Jewellery Shop.
  1446 | D:3      | Reached skill level 1 in Spellcasting
  1459 | D:2      | Gained mutation: Your magical nature lets you fly swiftly
                  | and evasively. [Tengu growth]
  1459 | D:2      | Reached XP level 5. HP: 3/32 MP: 7/7
  1774 | D:3      | Reached skill level 2 in Air Magic
  1839 | D:3      | Found a bloodstained altar of Trog.
  1892 | D:3      | Noticed Jessica
  1898 | D:3      | Killed Jessica
  2035 | D:3      | Found a basalt altar of Yredelemnul.
  2161 | D:3      | Found the +2 ratskin cloak {*Rats rPois rN+ Str-1 Int-1
                  | Dex+1}
  2200 | D:3      | Reached XP level 6. HP: 38/38 MP: 9/9
  2331 | D:3      | Found a shadowy altar of Dithmenos.
  2496 | D:4      | Noticed a black bear
  2594 | D:5      | Entered Level 5 of the Dungeon
  2608 | D:4      | Found a staircase to the Ecumenical Temple.
  2656 | Temple   | Entered the Ecumenical Temple
  2681 | Temple   | Became a worshipper of Vehumet
  2736 | D:4      | Killed a black bear
  2737 | D:4      | Reached skill level 3 in Air Magic
  2737 | D:4      | Reached XP level 7. HP: 43/43 MP: 11/11
  3226 | D:5      | Reached skill level 4 in Air Magic
  3284 | D:5      | Reached XP level 8. HP: 48/48 MP: 13/13
  3396 | D:5      | Reached skill level 5 in Shields
  3396 | D:5      | Reached skill level 5 in Conjurations
  3447 | D:5      | Noticed Grinder
  3493 | D:5      | Killed Grinder
  3494 | D:5      | Reached skill level 5 in Air Magic
  3622 | D:5      | Noticed Ijyb
  3640 | D:5      | Paralysed by Ijyb for 4 turns
  3647 | D:5      | Killed Ijyb
  3681 | D:5      | Found a runed translucent gate.
  3683 | D:5      | Noticed fearitself's ghost (novice VSWn)
  3685 | D:5      | Found a runed translucent gate.
  3693 | D:5      | Found a runed translucent gate.
  3734 | D:5      | Reached skill level 5 in Dodging
  3808 | D:5      | Noticed Blork the orc
  3821 | D:5      | Killed Blork the orc
  3892 | D:2      | Bought a book of Air for 220 gold pieces
  3912 | D:2      | Learned a level 1 spell: Shock
  3916 | D:2      | Learned a level 3 spell: Swiftness
  3921 | D:2      | Learned a level 4 spell: Airstrike
  4000 | D:5      | Found an ancient bone altar of Kikubaaqudgha.
  4214 | D:6      | Reached * piety under Vehumet
  4214 | D:6      | Offered knowledge of Freeze by Vehumet.
  4215 | D:6      | Reached skill level 6 in Air Magic
  4253 | D:6      | Reached XP level 9. HP: 50/52 MP: 12/16
  4571 | D:6      | Found a white marble altar of Elyvilon.
  4571 | D:6      | Found a glowing golden altar of the Shining One.
  4578 | D:6      | Found a snail-covered altar of Cheibriados.
  4708 | D:6      | Found a sparkling altar of Nemelex Xobeh.
  4954 | D:6      | Reached skill level 7 in Air Magic
  5068 | D:6      | Found a shimmering blue altar of Sif Muna.
  5194 | D:7      | Identified a scroll of acquirement
  5194 | D:7      | Acquired the ring of Jerphiumu {Contam rN+ Will+++ Int+6
                  | SInv}
  5350 | D:7      | Offered knowledge of Foxfire by Vehumet.
  5351 | D:7      | Reached skill level 5 in Spellcasting
  5408 | D:7      | Found a flagged portal.
  5430 | Bailey   | Entered a bailey
  5468 | Bailey   | Reached ** piety under Vehumet
  5494 | Bailey   | Reached skill level 8 in Air Magic
  5890 | Bailey   | Learned a level 5 spell: Arcjolt
  5961 | Bailey   | Reached skill level 9 in Air Magic
  5961 | Bailey   | Reached XP level 10. HP: 26/56 MP: 14/18
  5975 | Bailey   | Offered knowledge of Kindle Blastsparks by Vehumet.
  6204 | D:7      | Upgraded the game from 0.30-a0-777-ga9a30cb to
                  | 0.30-a0-778-g2ef04af
  6404 | D:7      | Reached skill level 10 in Conjurations
  6430 | D:7      | Reached skill level 10 in Air Magic
  6510 | D:7      | Reached *** piety under Vehumet
  6710 | D:7      | Found Rojuh's Magic Scroll Shop.
  6718 | D:7      | Bought a scroll of magic mapping for 105 gold pieces
  6718 | D:7      | Bought a scroll of identify for 28 gold pieces
  6718 | D:7      | Bought a scroll of identify for 28 gold pieces
  6718 | D:7      | Bought a scroll of identify for 28 gold pieces
  7123 | D:8      | Reached skill level 5 in Fighting
  7168 | D:8      | Offered knowledge of Stone Arrow by Vehumet.
  7173 | D:8      | Learned a level 3 spell: Stone Arrow
  7297 | D:8      | Found a transporter.
  7341 | D:8      | Found an iron altar of Okawaru.
  7344 | D:8      | Found a hazy altar of Hepliaklqana.
  7348 | D:8      | Found a glowing silver altar of Zin.
  7475 | D:8      | Found a transporter.
  7675 | D:8      | Reached skill level 11 in Air Magic
  7681 | D:8      | Reached **** piety under Vehumet
  7843 | D:8      | Offered knowledge of Irradiate by Vehumet.
  8049 | D:8      | Found a transporter.
  8143 | D:8      | Found a transporter.
  8572 | D:9      | Reached XP level 11. HP: 68/68 MP: 19/19
  8957 | D:9      | Noticed a boulder beetle
  8970 | D:9      | Killed a boulder beetle
  9296 | D:10     | Entered Level 10 of the Dungeon
  9309 | D:10     | Found a staircase to the Orcish Mines.
  9319 | D:10     | Noticed a two-headed ogre
  9327 | D:10     | Killed a two-headed ogre
  9328 | D:10     | Reached skill level 12 in Air Magic
  9402 | D:10     | Found a broken altar of Ashenzari.
  9766 | D:10     | Acquired the +3 warlock's mirror {omnireflect}
  9766 | D:10     | Found the +3 warlock's mirror {omnireflect}
 10118 | D:11     | Noticed a two-headed ogre
 10124 | D:11     | Killed a two-headed ogre
 10235 | D:11     | Reached ***** piety under Vehumet
 10235 | D:11     | Offered knowledge of Starburst by Vehumet.
 10396 | D:11     | Noticed a death yak
 10450 | D:11     | Found a staircase to the Lair.
 10451 | D:11     | Noticed a death yak
 10470 | D:11     | Noticed a death yak
 10473 | D:11     | Killed a death yak
 10484 | D:11     | Killed a death yak
 10485 | D:11     | Reached skill level 10 in Fighting
 11398 | D:12     | Reached XP level 12. HP: 73/77 MP: 22/22
 11433 | D:12     | Noticed Azrael
 11563 | D:12     | Noticed a two-headed ogre
 11744 | Lair:1   | Entered Level 1 of the Lair of Beasts
 11932 | Lair:1   | Reached skill level 5 in Polearms
 11932 | Lair:1   | Reached skill level 13 in Air Magic
 12654 | Lair:1   | Noticed a death yak
 12671 | Lair:1   | Noticed a death yak
 12672 | Lair:1   | Noticed a death yak
 12675 | Lair:1   | Killed a death yak
 12677 | Lair:1   | Killed a death yak
 12678 | Lair:1   | Killed a death yak
 12888 | Lair:2   | Found a staircase to the Snake Pit.
 12908 | Lair:2   | Found a gate leading to a gauntlet.
 12928 | Gauntlet | Entered a Gauntlet
 12928 | Gauntlet | Found a transporter.
 12928 | Gauntlet | Found a transporter.
 13021 | Gauntlet | Found a transporter.
 13050 | Gauntlet | Found a transporter.
 13063 | Gauntlet | Found a transporter.
 13087 | Gauntlet | Found a transporter.
 13106 | Gauntlet | Found a transporter.
 13129 | Gauntlet | Found a transporter.
 13226 | Gauntlet | Found a transporter.
 13227 | Gauntlet | Found a transporter.
 13228 | Gauntlet | Found a large runed translucent door.
 13229 | Gauntlet | Found a large runed translucent door.
 13230 | Gauntlet | Found a large runed translucent door.
 13230 | Gauntlet | Found a large runed translucent door.
 13230 | Gauntlet | Found a runed translucent door.
 13231 | Gauntlet | Found a large runed translucent door.
 13253 | Gauntlet | Found a large runed translucent door.
 13255 | Gauntlet | Found a large runed translucent door.
 13255 | Gauntlet | Found a large runed translucent door.
 13257 | Gauntlet | Found a runed translucent gate.
 13259 | Gauntlet | Found a transporter.
 13283 | Gauntlet | Found a transporter.
 13287 | Gauntlet | Found a transporter.
 13287 | Gauntlet | Found a runed translucent gate.
 13288 | Gauntlet | Found a runed translucent gate.
 13290 | Gauntlet | Found a large runed translucent door.
 13291 | Gauntlet | Found a large runed translucent door.
 13295 | Gauntlet | Found a transporter.
 13301 | Gauntlet | Found a large runed translucent door.
 13302 | Gauntlet | Found a large runed translucent door.
 13307 | Gauntlet | Found a runed translucent door.
 13327 | Gauntlet | Found a large runed translucent door.
 13327 | Gauntlet | Found a large runed translucent door.
 13328 | Gauntlet | Found a large runed translucent door.
 13329 | Gauntlet | Found a large runed translucent door.
 13380 | Gauntlet | Found a transporter.
 13384 | Gauntlet | Noticed a soul eater
 13399 | Gauntlet | Found a transporter.
 13607 | Gauntlet | Identified the -2 pair of boots "Uhoven" {Drain rC+ Int+5}
 13682 | Gauntlet | Noticed a minotaur
 13695 | Gauntlet | Killed a minotaur
 13704 | Gauntlet | Identified the +1 ring mail "Hecohoan" {rElec rCorr Int+3}
 13866 | Lair:2   | Identified the +2 robe of Ru's Brutal Revenge {Rampage
                  | Str+5}
 14019 | Lair:2   | Found a staircase to the Shoals.
 14028 | Lair:2   | Noticed a death yak
 14029 | Lair:2   | Noticed a death yak
 14030 | Lair:2   | Noticed a death yak
 14031 | Lair:2   | Noticed a death yak
 14032 | Lair:2   | Noticed a death yak
 14034 | Lair:2   | Killed a death yak
 14035 | Lair:2   | Reached skill level 14 in Air Magic
 14042 | Lair:2   | Killed a death yak
 14043 | Lair:2   | Reached XP level 13. HP: 70/86 MP: 10/25
 14725 | Lair:2   | Offered knowledge of Fulminant Prism by Vehumet.
 15155 | Lair:3   | Found a frozen archway.
 15166 | IceCv    | Entered an ice cave
 15229 | IceCv    | Identified the +1 hand axe of Peace {elec, Will- rCorr
                  | Int+8}
 15731 | IceCv    | Identified the +10 dire flail of Fedhas's Whim {flame,
                  | Will+}
 15740 | IceCv    | Identified the +0 dire flail "Wuceyc" {heavy, Will- Int+3
                  | Dex+3 SInv}
 15811 | Lair:3   | Noticed Gastronok
 15825 | Lair:3   | Killed Gastronok
 16435 | Lair:4   | Reached skill level 15 in Conjurations
 16476 | Lair:4   | Reached skill level 15 in Air Magic
 16476 | Lair:4   | Noticed Snorg
 16482 | Lair:4   | Learned a level 5 spell: Lightning Bolt
 16546 | Lair:4   | Killed Snorg
 16811 | Lair:4   | Noticed Rupert
 16894 | Lair:4   | Killed Rupert
 16969 | Lair:2   | Upgraded the game from 0.30-a0-778-g2ef04af to
                  | 0.30-a0-787-gab5ac29
 17183 | Lair:4   | Reached XP level 14. HP: 83/95 MP: 3/27
 17655 | Lair:4   | Found a viscous altar of Jiyva.
 17658 | Lair:4   | Offered knowledge of Eringya's Noxious Bog by Vehumet.
 17929 | Lair:4   | Found a staircase to the Slime Pits.
 18168 | Lair:4   | Learned a level 8 spell: Maxwell's Capacitive Coupling
 18208 | Lair:5   | Entered Level 5 of the Lair of Beasts
 18927 | Lair:5   | Reached skill level 16 in Air Magic
 18943 | Lair:5   | Reached skill level 10 in Polearms
 19059 | Lair:5   | Noticed Urug
 19065 | Lair:5   | Killed Urug
 19601 | Lair:5   | Reached skill level 15 in Fighting
 20347 | Lair:3   | Reached skill level 17 in Air Magic
 20347 | Lair:3   | Reached XP level 15. HP: 103/103 MP: 27/29
 20603 | D:12     | Killed Azrael
 20692 | D:12     | Offered knowledge of Orb of Destruction by Vehumet.
 21140 | D:12     | Noticed Kirke
 21163 | D:12     | Killed Kirke
 21646 | Orc:1    | Entered Level 1 of the Orcish Mines
 21646 | Orc:1    | Found Irecseix's Distillery.
 21752 | Orc:1    | Bought a potion of heal wounds for 85 gold pieces
 21752 | Orc:1    | Bought a potion of magic for 136 gold pieces
 21752 | Orc:1    | Bought a potion of heal wounds for 85 gold pieces
 21752 | Orc:1    | Bought a potion of haste for 170 gold pieces
 21950 | Orc:1    | Found Piagoen's Distillery.
 21957 | Orc:1    | Found a runed translucent gate.
 21957 | Orc:1    | Found a runed translucent gate.
 21957 | Orc:1    | Found a runed translucent gate.
 21958 | Orc:1    | Noticed Jeffwins's ghost (journeyman OgMo)
 21959 | Orc:1    | Found an opulent altar of Gozag.
 21963 | Orc:1    | Found Xiarr's Assorted Antiques.
 22183 | Orc:1    | Killed Jeffwins's ghost
 22322 | Orc:2    | Entered Level 2 of the Orcish Mines
 22346 | Orc:2    | Noticed Nessos
 22350 | Orc:2    | Killed Nessos
 22452 | Orc:2    | Found a staircase to the Elven Halls.
 22713 | Orc:1    | Noticed Josephine
 22832 | Orc:1    | Killed Josephine
 22969 | Orc:1    | Noticed Sonja
 22991 | Orc:1    | Killed Sonja
 23115 | Orc:2    | Found Okhluw's Jewellery Shoppe.
 23151 | Orc:2    | Offered knowledge of Fireball by Vehumet.
 23651 | Orc:2    | Reached skill level 10 in Spellcasting
 23978 | Orc:2    | Reached skill level 18 in Air Magic
 24177 | Orc:2    | Found Hilealast's General Store.
 24180 | Orc:2    | Found Agronwif's Antique Armour Shoppe.
 24181 | Orc:2    | Found Buwoomoi's Weapon Emporium.
 24182 | Orc:2    | Found Sadaany's Magic Scroll Emporium.
 24193 | Orc:2    | Bought a scroll of acquirement for 728 gold pieces
 24198 | Orc:2    | Acquired 359 gold pieces
 24205 | Orc:2    | Bought a potion of heal wounds for 65 gold pieces
 24205 | Orc:2    | Bought a potion of experience for 650 gold pieces
 24207 | Orc:2    | Bought a scroll of enchant weapon for 105 gold pieces
 24216 | Orc:2    | Reached XP level 16. HP: 108/108 MP: 31/31
 24469 | D:13     | Noticed Erolcha
 24480 | D:13     | Killed Erolcha
 24798 | D:13     | Upgraded the game from 0.30-a0-787-gab5ac29 to
                  | 0.30-a0-800-g7c54460
 25280 | D:13     | Found a gate to the Vaults.
 25490 | D:13     | Reached XP level 17. HP: 113/113 MP: 32/32
 25571 | D:13     | Reached ****** piety under Vehumet
 25598 | D:13     | Offered knowledge of Conjure Ball Lightning by Vehumet.
 26321 | D:13     | Reached skill level 19 in Air Magic
 27180 | D:14     | Learned a level 6 spell: Conjure Ball Lightning
 27841 | D:15     | Entered Level 15 of the Dungeon
 28247 | Snake:1  | Entered Level 1 of the Snake Pit
 28277 | Snake:1  | Reached skill level 5 in Armour
 28282 | Snake:1  | You are sucked into a shaft and drop 1 floor!
 28401 | Snake:1  | Found a sacrificial altar of Ru.
 28920 | Snake:1  | Identified the +4 halberd "Oricok" {antimagic, rN+ rCorr
                  | Int+2}
 29219 | Snake:1  | Offered knowledge of Ignition by Vehumet.
 29383 | Snake:1  | Found Ipnoavae's Vocational Training.
 30061 | Snake:2  | Found Nemnon's Assorted Antiques.
 30065 | Snake:2  | Found Ginaix's Assorted Antiques.
 30066 | Snake:2  | Found Onlergh's Book Boutique.
 30071 | Snake:2  | Bought a scroll of enchant armour for 247 gold pieces
 30361 | Snake:2  | Reached skill level 20 in Air Magic
 30632 | Snake:2  | Found the +3 salamander hide armour {Flames, rFlCloud rF++
                  | rC--}
 30952 | Snake:3  | Reached XP level 18. HP: 22/119 MP: 31/34
 30965 | Snake:3  | HP: 4/119 [poisoned by a black mamba]
 31407 | Snake:3  | Found a runed translucent gate.
 31407 | Snake:3  | Found a runed translucent gate.
 31407 | Snake:3  | Found a runed translucent gate.
 31407 | Snake:3  | Noticed geeeeen's ghost (adept TeFi)
 31677 | Snake:3  | Killed geeeeen's ghost
 31752 | Snake:4  | Entered Level 4 of the Snake Pit
 32039 | Snake:4  | Reached skill level 10 in Dodging
 32125 | Snake:4  | Noticed a quicksilver dragon
 32129 | Snake:4  | Killed a quicksilver dragon
 32347 | Snake:4  | Offered knowledge of Fire Storm by Vehumet.
 32347 | Snake:4  | Offered knowledge of Shatter by Vehumet.
 32347 | Snake:4  | Offered knowledge of Chain Lightning by Vehumet.
 32393 | Snake:4  | Learned a level 9 spell: Chain Lightning
 32465 | Snake:4  | Reached skill level 21 in Air Magic
 32999 | Snake:4  | Noticed a quicksilver dragon
 33003 | Snake:4  | Killed a quicksilver dragon
 33520 | Snake:4  | Got a serpentine rune of Zot
 33799 | Shoals:1 | Entered Level 1 of the Shoals
 34058 | Shoals:1 | Reached skill level 10 in Armour
 36405 | Shoals:3 | Reached XP level 19. HP: 115/124 MP: 31/35
 36424 | Shoals:3 | Reached skill level 22 in Air Magic
 36445 | Shoals:3 | Found Saulae's Assorted Antiques.
 36477 | Shoals:3 | Bought a scroll of enchant weapon for 277 gold pieces
 37081 | Shoals:4 | Entered Level 4 of the Shoals
 38497 | Shoals:4 | Upgraded the game from 0.30-a0-800-g7c54460 to
                  | 0.30-a0-802-gb92711b
 38600 | Shoals:4 | Noticed Ilsuiw
 38621 | Shoals:4 | Killed Ilsuiw
 39266 | Shoals:4 | Got a barnacled rune of Zot
 39982 | D:15     | Noticed Louise
 39986 | D:15     | Killed Louise
 40882 | D:15     | Found a staircase to the Depths.
 41144 | Elf:1    | Entered Level 1 of the Elven Halls
 41568 | Elf:1    | Killed from afar by a deep elf knight

Illustrated notes

Levels and vault maps discovered:
D:1:      onia_arrival_zoo_common, layout_basic
D:2:      layout_loops_cross, serial_shops, shop, nicolae_shop_statue_plus,
          nicolae_shop_statue_plus, minmay_tromino_v7
D:3:      layout_loops_ring, mainiacjoe_overflow_brackets,
          mainiacjoe_overflow_catwalk_spiral, uniq_jessica
D:4:      layout_gridville, minmay_temple_entry_crystal_x,
          kennysheep_nondescript
D:5:      layout_cave_pools, tgw_kikubaaqudgha, gammafunk_ghost_nasty_kobolds,
          uniq_ijyb, uniq_grinder, uniq_blork_the_orc
D:6:      layout_loops_ring, mainiacjoe_overflow_divided_tiny, led_sif_pool,
          kennysheep_slug_shrine, nemelex_dance_club_becter
D:7:      layout_cave_pods, enter_bailey_6, serial_shops, nicolae_lakefront_shop
D:8:      layout_basic, grunt_temple_overflow_diamond,
          nicolae_diode_intersection
D:9:      layout_loops_cross
D:10:     layout_irregular_city, mainiacjoe_overflow_small_starburst,
          orc_0_dummy, eino_jars
D:11:     layout_rooms, dpeg_lair_monsters, st_stairs_14
D:12:     layout_irregular_city, uniq_kirke, uniq_azrael
D:13:     regret_index_wax_grids, layout_loops_ring,
          skrybe_vaults_entry_preservation, uniq_erolcha
D:14:     layout_basic, kennysheep_generic_room_11
D:15:     gammafunk_enter_depths_forms, layout_loops_corners, uniq_louise
Temple:   compressed_dpeg_triangle_lava_temple
Lair:1:   layout_cave_pods
Lair:2:   layout_chaotic_city, elwin_shoals_entry_rooms, dummy_snake_entry,
          gauntlet_entry_generic
Lair:3:   layout_loops_ring, portal_ice_cave_entry_ice_simulacra,
          infiniplex_staircase_pool_2, grunt_megastairs_3, uniq_gastronok
Lair:4:   layout_gridlike, minmay_slime_entry_oklob_enclosed,
          lemuel_fruit_fields, uniq_rupert, uniq_snorg
Lair:5:   evilmike_catoblepas_cave, layout_hall_layers, serial_bayou_shore_a,
          uniq_urug
Shoals:1: layout_shoals
Shoals:2: layout_shoals
Shoals:3: layout_shoals, serial_shops, nicolae_stop_n_shop_1
Shoals:4: shoals_end_grunt_ice, layout_shoals, shoals_ilsuiw_alternative
Snake:1:  layout_honeycomb, basic_altar, nicolae_shop_vocational
Snake:2:  layout_rooms, hellmonk_guarded_unrand_salamander, minmay_shop_star
Snake:3:  layout_misc_corridors, gammafunk_ghost_necromancy,
          hangedman_venom_bottle
Snake:4:  hellmonk_snake_rune_quicksilver_temple, layout_gridlike, special_room
Orc:1:    layout_caves, basic_altar, ebering_ghost_gozag, serial_shops,
          nicolae_shop_waterfront, shop, nicolae_orc_pool_cavern,
          mines_bat_river, uniq_josephine, uniq_sonja
Orc:2:    st_orc_pillars, layout_caves, serial_shops, nicolae_square_shop,
          uniq_nessos
Elf:1:    eino_elf_arrival_shootout, layout_geoelf_grid,
          nicolae_trove_entry_columns, hangedman_corner_corridor

Skill      XL: |  1  2  3  4  5  6  7  8  9 10 11 12 13 14 15 16 17 18 19 |
---------------+----------------------------------------------------------+-----
Dodging        | 1 2 3 5 6 9 12 13 | 13.3
Conjurations   | 1 2 3 4 6 9 11 12 14 15 16 17 | 17.8
Air Magic      | 1 2 3 4 6 9 11 12 14 15 17 18 20 21 22 | 22.8
Spellcasting   | 1 2 3 4 5 6 7 8 9 10 11 | 11.3
Fighting       | 4 7 10 12 13 15 | 15.2
Shields        | 4 5 |  5.0
Polearms       | 4 6 8 11 12 13 | 13.3
Armour         | 7 11 12 | 12.5

Action                     |  1- 3 |  4- 6 |  7- 9 | 10-12 | 13-15 | 16-18 | 19-21 || total
---------------------------+-------+-------+-------+-------+-------+-------+-------++-------
  Melee: Trident           |    79 |   103 |    67 |   139 |   140 |       |       ||   528
         Kick              |    11 |    13 |    59 |   138 |   185 |   185 |    20 ||   611
         Peck              |     8 |     8 |    28 |    80 |   110 |   125 |    13 ||   372
         Staff             |       |       |    91 |   250 |    55 |    28 |     1 ||   425
         Spear             |       |       |       |     4 |    24 |       |       ||    28
         Demon trident     |       |       |       |       |   339 |   580 |    89 ||  1008
   Cast: Static Discharge  |       |       |    22 |    11 |       |       |       ||    33
         Shock             |       |       |    74 |    74 |    12 |     2 |       ||   162
         Stone Arrow       |       |       |       |    57 |    38 |       |       ||    95
         Arcjolt           |       |       |       |    38 |    67 |    40 |    16 ||   161
         Swiftness         |       |       |       |     2 |     1 |       |       ||     3
         Airstrike         |       |       |       |     1 |     7 |       |       ||     8
         Lightning Bolt    |       |       |       |       |   136 |   100 |    44 ||   280
         Conjure Ball Ligh |       |       |       |       |       |    39 |    51 ||    90
         Maxwell's Capacit |       |       |       |       |       |       |     4 ||     4
  Evoke: Wand              |       |     1 |     6 |     1 |     6 |     5 |       ||    19
    Use: Potion            |       |     1 |     1 |     4 |     4 |     4 |       ||    14
         Scroll            |       |     4 |    10 |    17 |    17 |     9 |     2 ||    59
   Stab: Invisible         |       |       |     1 |       |       |       |       ||     1
         Paralysed         |       |       |     5 |       |     7 |     5 |       ||    17
         Petrified         |       |       |       |     4 |       |       |       ||     4
         Petrifying        |       |       |       |     1 |       |       |       ||     1
         Distracted        |       |       |       |       |       |     1 |       ||     1
 Armour: Scale mail        |    19 |    29 |    20 |       |       |       |       ||    68
         Robe              |       |       |    32 |     5 |       |       |       ||    37
         Pearl dragon scal |       |       |       |   126 |   153 |   143 |    36 ||   458
  Dodge: Dodged            |    30 |    50 |   215 |   374 |   339 |   315 |    89 ||  1412
  Block: Buckler           |     8 |    24 |    88 |   347 |   444 |   359 |    43 ||  1313
         Reflection        |       |       |       |     8 |    25 |    78 |    14 ||   125

Table legend: (Time is in decaauts)
 A = Elapsed time spent in this place.
 B = Non-inter-level travel time spent in this place.
 C = Inter-level travel time spent in this place.
 D = Time resting spent in this place.
 E = Time spent auto-exploring this place.
 F = Levels seen in this place.
 G = Mean time per level.
                   A        B        C        D        E       F      G
               +--------+--------+--------+--------+--------+-----+--------+
         Total |  39327 |  37532 |   1795 |   9658 |  16903 |  35 | 1123.6 |
       Dungeon |  16735 |  15722 |   1013 |   2940 |   8574 |  15 | 1115.7 |
        Temple |     47 |     47 |      0 |      0 |      0 |   1 |   47.0 |
          Lair |   7248 |   6851 |    397 |   2225 |   2881 |   5 | 1449.6 |
        Shoals |   5189 |   5073 |    116 |   1510 |   1985 |   4 | 1297.2 |
     Snake Pit |   5102 |   4969 |    133 |   1328 |   2341 |   4 | 1275.5 |
  Orcish Mines |   2712 |   2579 |    133 |    786 |   1111 |   2 | 1356.0 |
   Elven Halls |    160 |    160 |      0 |      0 |     11 |   1 |  160.0 |
        Bailey |    730 |    730 |      0 |    253 |      0 |   1 |  730.0 |
      Ice Cave |    596 |    596 |      0 |    393 |      0 |   1 |  596.0 |
      Gauntlet |    805 |    805 |      0 |    222 |      0 |   1 |  805.0 |
               +--------+--------+--------+--------+--------+-----+--------+

Top non-repeatable levels by time:
Shoals:4: 2006 daAuts
  Lair:5: 1887 daAuts
   Orc:2: 1861 daAuts
    D:13: 1789 daAuts
    D:12: 1703 daAuts
  Lair:2: 1647 daAuts
 Snake:4: 1596 daAuts
 Snake:1: 1538 daAuts
  Lair:4: 1511 daAuts
    D:11: 1416 daAuts
    D:15: 1291 daAuts
     D:8: 1287 daAuts
    D:14: 1240 daAuts
  Lair:1: 1210 daAuts
 Snake:3: 1190 daAuts
